Connexion

WASHINGTON Capitals vs SEATTLE Kraken

Created - 15 janvier 2024 at 08:20

Goals
1 2 3 T
WASHINGTON Capitals 3 1 1 5
SEATTLE Kraken 2 0 0 2
Shots
1 2 3 T
WASHINGTON Capitals 14 13 11 38
SEATTLE Kraken 11 8 16 35

GoalsPenalties
1st period
1. WASHINGTON Capitals , Nikita Kucherov 35 (Jared McCann 36, Aleksander Barkov 38) at 3:40 (PP)
2. SEATTLE Kraken , Jason Robertson 24 (Wyatt Johnston 16, Rasmus Dahlin 41) at 10:49
3. WASHINGTON Capitals , Nikita Kucherov 36 (Brandon Hagel 38, Aleksander Barkov 39) at 16:12
4. SEATTLE Kraken , Jani Hakanpaa 1 (Auston Matthews 45, Andrei Kuzmenko 27) at 18:45
5. WASHINGTON Capitals , Aleksander Barkov 18 (Nikita Kucherov 34, Shea Theodore 42) at 19:07
Rasmus Dahlin (SEA) for Tripping (Minor) at 0:20
Oscar Klefbom (SEA) for Slashing (Double Minor) at 3:24
Frederick Gaudreau (WAS) for Holding (Minor) at 7:18
2nd period
6. WASHINGTON Capitals , Denis Gurianov 12 (Shea Theodore 43, Dryden Hunt 5) at 17:21
Gabriel Vilardi (SEA) for Interference (Minor) at 1:57
Rasmus Dahlin (SEA) for High sticking (Minor) at 9:04
Jamie Drysdale (SEA) for Tripping (Minor) at 11:31
Andreas Johnsson (WAS) for Roughing (Minor) at 19:35
3rd period
7. WASHINGTON Capitals , Jared McCann 16 (Shea Theodore 44, Frederick Gaudreau 34) at 2:54
Oscar Klefbom (SEA) for Slashing (Minor) at 10:11
Joel Hanley (WAS) for Tripping (Minor) at 11:49
Goalie Stats
Jordan Binnington (WAS), 33 saves from 35 shots - (0,943), W, 28-13-5, 60:00 minutes
Linus Ullmark (SEA), 33 saves from 38 shots - (0,868), L, 22-20-3, 60:00 minutes
3 StarsOfficial
1 - Nikita Kucherov (WAS)
2 - Aleksander Barkov (WAS)
3 - Shea Theodore (WAS)
Referees : Kelly Sutherland and Chris Rooney
Linesman : Mike Cvik and Mark Pare
Game Note
No Game Note
Finance
Level 1 -- Attendance: 4593 (90,06%) -- Ticket Income $757,845
Level 2 -- Attendance: 3754 (75,08%) -- Ticket Income $469,250
Level 3 -- Attendance: 1479 (73,95%) -- Ticket Income $110,925
Level 4 -- Attendance: 2377 (59,43%) -- Ticket Income $142,620
Luxury Box -- Attendance: 724 (72,40%) -- Ticket Income $253,400
Game was played at the Climate Pledge Arena.
Total Attendance: 12927 (75,60%)
Total Ticket Income: $1,734,040
Other Income: $346,808
Total Income: $2,080,848



Team Name Goals Shots Shots Attemp Shots Blocked PIM HIT PP PK FO%
WASHINGTON Capitals 53866106221 / 7 (14%)060%
SEATTLE Kraken 235641014210 / 3 (0%)140%

WASHINGTON Capitals
Player Name POS G A P +/- PIM HIT SHT SB MP PP MP PP SHT PK MP PK SHT FO% FOT
Aleksander BarkovC1232022022:325:2800:56076% 34
Alex KillornC/LW/RW000-1001113:120:0003:4600% 0
Andreas JohnssonLW/RW0000201012:390:0000:0000% 3
Brandon HagelLW0112015022:296:2110:0000% 1
Denis GurianovLW/RW1011003111:486:2121:060100% 3
Dryden HuntC/LW011101204:210:0000:00080% 5
Frederick GaudreauC/RW0110217121:316:2132:31052% 29
Givani SmithRW000101004:210:0000:0000% 1
Haydn FleuryD0002040120:130:0003:0900% 0
Jared McCannC/LW1120041020:175:2802:09075% 4
Joel HanleyD000-1220222:055:1101:4300% 0
Joel KivirantaLW000-100209:490:0000:4400% 0
Mikey EyssimontC/LW000-100009:260:0000:00042% 12
Nick JensenD000-1011218:110:0002:5700% 0
Nikita KucherovRW2132016021:365:2820:00050% 6
Sean WalkerD0001030017:176:3700:2000% 0
Shea TheodoreD0332005025:165:1233:0310% 0
Slater KoekkoekD0001012216:576:3710:0000% 0
SEATTLE Kraken
Player Name POS G A P +/- PIM HIT SHT SB MP PP MP PP SHT PK MP PK SHT FO% FOT
Alec MartinezD0001002016:540:0006:2400% 0
Alex OvechkinLW0000054116:190:0007:1300% 2
Andrei KuzmenkoLW011-1004018:592:0620:0000% 3
Auston MatthewsC011-1014020:443:3000:00053% 30
Brock BoeserRW000001009:060:0000:0000% 0
David PastrnakRW000-1012020:233:3000:00050% 2
Gabriel VilardiC/RW000-1243015:352:0620:00050% 2
Jamie DrysdaleD0000201120:132:1110:2200% 0
Jani HakanpaaD1011001112:490:0002:4000% 0
Jason RobertsonLW/RW101-1016017:213:3000:00050% 2
Joe PavelskiC/LW/RW0000000013:420:0004:36031% 16
Oscar KlefbomD000-3620221:112:1104:1700% 0
Rasmus DahlinD0110421424:253:2513:4200% 0
Samuel GirardD000-3012124:233:2516:1300% 0
T.J. OshieC/LW/RW000001007:210:0004:3600% 1
Tim StutzleC/LW000001002:500:0000:0500% 0
Vincent HinostrozaC/RW000000009:530:0007:08036% 14
Wyatt JohnstonC011-1015015:362:0610:00038% 26



Play-by-Play

1st period


0:01 of 1st period - Aleksander Barkov wins face-off versus Auston Matthews in neutral zone.
0:20 of 1st period - Minor Penalty to Rasmus Dahlin for Tripping.
0:21 of 1st period - Vincent Hinostroza wins face-off versus Frederick Gaudreau in SEATTLE Kraken zone.
0:47 of 1st period - Shot by Sean Walker.
0:47 of 1st period - Shot Blocked by Alex Ovechkin.
2:22 of 1st period - Shot by Brandon Hagel.
2:22 of 1st period - Stopped by Linus Ullmark without a rebound.
2:23 of 1st period - Mikey Eyssimont wins face-off versus Wyatt Johnston in SEATTLE Kraken zone.
2:56 of 1st period - Shot by Wyatt Johnston.
2:56 of 1st period - Stopped by Jordan Binnington without a rebound.
2:57 of 1st period - Auston Matthews wins face-off versus Dryden Hunt in WASHINGTON Capitals zone.
2:57 of 1st period - Andrei Kuzmenko is hit by Slater Koekkoek and loses puck.
3:15 of 1st period - Shot by Auston Matthews.
3:15 of 1st period - Shot Blocked by Denis Gurianov.
3:17 of 1st period - Shot by Alec Martinez.
3:17 of 1st period - Stopped by Jordan Binnington without a rebound.
3:18 of 1st period - Aleksander Barkov wins face-off versus Joe Pavelski in WASHINGTON Capitals zone.
3:18 of 1st period - Aleksander Barkov is hit by Alex Ovechkin.
3:23 of 1st period - Nikita Kucherov is hit by Oscar Klefbom.
3:24 of 1st period - Double Minor Penalty to Oscar Klefbom for Slashing.
3:25 of 1st period - Vincent Hinostroza wins face-off versus Nikita Kucherov in SEATTLE Kraken zone.
3:40 of 1st period - Shot by Nikita Kucherov.
3:40 of 1st period - Goal by Nikita Kucherov - WASHINGTON Capitals : 1 - SEATTLE Kraken : 0.
3:41 of 1st period - Frederick Gaudreau wins face-off versus Vincent Hinostroza in neutral zone.
3:54 of 1st period - Shot by Frederick Gaudreau.
3:54 of 1st period - Stopped by Linus Ullmark without a rebound.
3:55 of 1st period - Vincent Hinostroza wins face-off versus Aleksander Barkov in SEATTLE Kraken zone.
4:36 of 1st period - Shot by Nikita Kucherov.
4:36 of 1st period - Shot Blocked by Samuel Girard.
4:38 of 1st period - Shot by Nikita Kucherov.
4:38 of 1st period - Stopped by Linus Ullmark with a rebound.
4:56 of 1st period - Shot by Shea Theodore.
4:56 of 1st period - Stopped by Linus Ullmark with a rebound.
4:58 of 1st period - Shot by Shea Theodore.
4:58 of 1st period - Shot Blocked by Jani Hakanpaa.
5:00 of 1st period - Shot by Denis Gurianov.
5:00 of 1st period - Stopped by Linus Ullmark with a rebound.
5:02 of 1st period - Shot by Joel Hanley.
5:02 of 1st period - Shot Misses the Net.
5:04 of 1st period - Shot by Brandon Hagel.
5:04 of 1st period - Shot Misses the Net.
5:16 of 1st period - Shot by Brandon Hagel.
5:16 of 1st period - Stopped by Linus Ullmark without a rebound.
5:17 of 1st period - Aleksander Barkov wins face-off versus T.J. Oshie in SEATTLE Kraken zone.
5:44 of 1st period - Shot by Joel Kiviranta.
5:44 of 1st period - Stopped by Linus Ullmark with a rebound.
6:02 of 1st period - Shot by Joel Kiviranta.
6:02 of 1st period - Shot Misses the Net.
6:11 of 1st period - Icing by Auston Matthews.
6:12 of 1st period - Dryden Hunt wins face-off versus Auston Matthews in SEATTLE Kraken zone.
6:15 of 1st period - Shot by Dryden Hunt.
6:15 of 1st period - Stopped by Linus Ullmark with a rebound.
6:53 of 1st period - Icing by Shea Theodore.
6:54 of 1st period - Dryden Hunt wins face-off versus Wyatt Johnston in WASHINGTON Capitals zone.
7:00 of 1st period - Off-side.
7:01 of 1st period - Nikita Kucherov wins face-off versus Joe Pavelski in neutral zone.
7:06 of 1st period - Shot by Aleksander Barkov.
7:06 of 1st period - Stopped by Linus Ullmark without a rebound.
7:07 of 1st period - Wyatt Johnston wins face-off versus Nikita Kucherov in SEATTLE Kraken zone.
7:17 of 1st period - Icing by Gabriel Vilardi.
7:18 of 1st period - Wyatt Johnston wins face-off versus Frederick Gaudreau in SEATTLE Kraken zone.
7:18 of 1st period - Minor Penalty to Frederick Gaudreau for Holding.
7:19 of 1st period - Jared McCann wins face-off versus Jason Robertson in WASHINGTON Capitals zone.
7:51 of 1st period - Shot by Rasmus Dahlin.
7:51 of 1st period - Shot Misses the Net.
7:53 of 1st period - Shot by Rasmus Dahlin.
7:53 of 1st period - Stopped by Jordan Binnington without a rebound.
7:54 of 1st period - Jared McCann wins face-off versus Wyatt Johnston in WASHINGTON Capitals zone.
7:54 of 1st period - Joel Hanley is hit by Gabriel Vilardi and loses puck.
8:15 of 1st period - Shot by Wyatt Johnston.
8:15 of 1st period - Stopped by Jordan Binnington without a rebound.
8:16 of 1st period - Auston Matthews wins face-off versus Jared McCann in WASHINGTON Capitals zone.
9:11 of 1st period - Shot by Jamie Drysdale.
9:11 of 1st period - Shot Misses the Net.
9:13 of 1st period - Shot by Andrei Kuzmenko.
9:13 of 1st period - Shot Misses the Net.
9:15 of 1st period - Shot by Jamie Drysdale.
9:15 of 1st period - Stopped by Jordan Binnington with a rebound.
9:17 of 1st period - Shot by Gabriel Vilardi.
9:17 of 1st period - Stopped by Jordan Binnington without a rebound.
9:18 of 1st period - Frederick Gaudreau wins face-off versus Joe Pavelski in WASHINGTON Capitals zone.
9:18 of 1st period - Frederick Gaudreau is hit by Alex Ovechkin.
10:25 of 1st period - Shot by Nikita Kucherov.
10:25 of 1st period - Stopped by Linus Ullmark without a rebound.
10:26 of 1st period - Jason Robertson wins face-off versus Mikey Eyssimont in SEATTLE Kraken zone.
10:49 of 1st period - Shot by Jason Robertson.
10:49 of 1st period - Goal by Jason Robertson - WASHINGTON Capitals : 1 - SEATTLE Kraken : 1.
10:50 of 1st period - Aleksander Barkov wins face-off versus David Pastrnak in neutral zone.
10:53 of 1st period - Oscar Klefbom is hit by Nikita Kucherov and loses puck.
11:09 of 1st period - Off-side.
11:10 of 1st period - Frederick Gaudreau wins face-off versus Gabriel Vilardi in neutral zone.
11:22 of 1st period - Shot by Jared McCann.
11:22 of 1st period - Shot Misses the Net.
11:24 of 1st period - Shot by Andreas Johnsson.
11:24 of 1st period - Shot Misses the Net.
11:59 of 1st period - Icing by Rasmus Dahlin.
12:00 of 1st period - Wyatt Johnston wins face-off versus Aleksander Barkov in SEATTLE Kraken zone.
12:37 of 1st period - Shot by Oscar Klefbom.
12:37 of 1st period - Shot Blocked by Haydn Fleury.
12:46 of 1st period - David Pastrnak is hit by Haydn Fleury and loses puck.
12:54 of 1st period - Auston Matthews is hit by Haydn Fleury and loses puck.
13:00 of 1st period - Andrei Kuzmenko is hit by Haydn Fleury and loses puck.
13:45 of 1st period - Shot by Joe Pavelski.
13:45 of 1st period - Shot Blocked by Slater Koekkoek.
14:32 of 1st period - Shot by Frederick Gaudreau.
14:32 of 1st period - Shot Blocked by Rasmus Dahlin.
15:44 of 1st period - Shot by David Pastrnak.
15:44 of 1st period - Stopped by Jordan Binnington without a rebound.
15:45 of 1st period - Wyatt Johnston wins face-off versus Aleksander Barkov in WASHINGTON Capitals zone.
15:48 of 1st period - Shot by Gabriel Vilardi.
15:48 of 1st period - Deflect By Jason Robertson.
15:48 of 1st period - Shot Hit the Post.
15:50 of 1st period - Shot by Alec Martinez.
15:50 of 1st period - Stopped by Jordan Binnington without a rebound.
15:51 of 1st period - Aleksander Barkov wins face-off versus Wyatt Johnston in WASHINGTON Capitals zone.
15:51 of 1st period - Aleksander Barkov is hit by Gabriel Vilardi.
16:04 of 1st period - Brandon Hagel is hit by Oscar Klefbom.
16:12 of 1st period - Shot by Nikita Kucherov.
16:12 of 1st period - Goal by Nikita Kucherov - WASHINGTON Capitals : 2 - SEATTLE Kraken : 1.
16:13 of 1st period - Frederick Gaudreau wins face-off versus Auston Matthews in neutral zone.
17:11 of 1st period - Icing by Shea Theodore.
17:12 of 1st period - Aleksander Barkov wins face-off versus Wyatt Johnston in WASHINGTON Capitals zone.
17:20 of 1st period - Brandon Hagel is hit by Samuel Girard and loses puck.
17:52 of 1st period - Shot by Jason Robertson.
17:52 of 1st period - Stopped by Jordan Binnington without a rebound.
17:53 of 1st period - Mikey Eyssimont wins face-off versus Joe Pavelski in WASHINGTON Capitals zone.
17:53 of 1st period - Mikey Eyssimont is hit by Alex Ovechkin.
18:27 of 1st period - Shot by Joel Kiviranta.
18:27 of 1st period - Stopped by Linus Ullmark without a rebound.
18:28 of 1st period - Auston Matthews wins face-off versus Andreas Johnsson in SEATTLE Kraken zone.
18:43 of 1st period - Shot by Auston Matthews.
18:43 of 1st period - Shot Misses the Net.
18:45 of 1st period - Shot by Jani Hakanpaa.
18:45 of 1st period - Goal by Jani Hakanpaa - WASHINGTON Capitals : 2 - SEATTLE Kraken : 2.
18:46 of 1st period - Aleksander Barkov wins face-off versus Wyatt Johnston in neutral zone.
18:46 of 1st period - Aleksander Barkov is hit by Gabriel Vilardi.
18:50 of 1st period - Wyatt Johnston is hit by Brandon Hagel and loses puck.
19:07 of 1st period - Shot by Aleksander Barkov.
19:07 of 1st period - Goal by Aleksander Barkov - WASHINGTON Capitals : 3 - SEATTLE Kraken : 2.
19:08 of 1st period - Auston Matthews wins face-off versus Frederick Gaudreau in neutral zone.
19:49 of 1st period - Icing by Jamie Drysdale.
19:50 of 1st period - Auston Matthews wins face-off versus Nikita Kucherov in SEATTLE Kraken zone.
Goals for this period are 3 for WASHINGTON Capitals vs 2 for SEATTLE Kraken.
Shots for this period are 14 for WASHINGTON Capitals vs 11 for SEATTLE Kraken.

2nd period


0:01 of 2nd period - Aleksander Barkov wins face-off versus Wyatt Johnston in neutral zone.
0:20 of 2nd period - Shot by Jason Robertson.
0:20 of 2nd period - Stopped by Jordan Binnington without a rebound.
0:21 of 2nd period - Auston Matthews wins face-off versus Andreas Johnsson in WASHINGTON Capitals zone.
0:30 of 2nd period - Shot by David Pastrnak.
0:30 of 2nd period - Deflect By Auston Matthews.
0:30 of 2nd period - Shot Misses the Net.
0:32 of 2nd period - Shot by David Pastrnak.
0:32 of 2nd period - Stopped by Jordan Binnington with a rebound.
1:00 of 2nd period - Andrei Kuzmenko is hit by Nick Jensen and loses puck.
1:16 of 2nd period - Icing by Rasmus Dahlin.
1:17 of 2nd period - Aleksander Barkov wins face-off versus Auston Matthews in SEATTLE Kraken zone.
1:26 of 2nd period - Rasmus Dahlin is hit by Aleksander Barkov and loses puck.
1:57 of 2nd period - Minor Penalty to Gabriel Vilardi for Interference.
1:58 of 2nd period - Vincent Hinostroza wins face-off versus Frederick Gaudreau in SEATTLE Kraken zone.
2:25 of 2nd period - Shot by Slater Koekkoek.
2:25 of 2nd period - Deflect By Denis Gurianov.
2:25 of 2nd period - Stopped by Linus Ullmark without a rebound.
2:26 of 2nd period - Aleksander Barkov wins face-off versus Vincent Hinostroza in SEATTLE Kraken zone.
2:31 of 2nd period - Shot by Shea Theodore.
2:31 of 2nd period - Stopped by Linus Ullmark with a rebound.
2:33 of 2nd period - Shot by Jared McCann.
2:33 of 2nd period - Shot Misses the Net.
3:15 of 2nd period - Shot by Brandon Hagel.
3:15 of 2nd period - Deflect By Frederick Gaudreau.
3:15 of 2nd period - Shot Misses the Net.
3:17 of 2nd period - Shot by Slater Koekkoek.
3:17 of 2nd period - Stopped by Linus Ullmark without a rebound.
3:18 of 2nd period - Denis Gurianov wins face-off versus Joe Pavelski in SEATTLE Kraken zone.
3:19 of 2nd period - Shot by Slater Koekkoek.
3:19 of 2nd period - Shot Misses the Net.
3:50 of 2nd period - Off-side.
3:51 of 2nd period - Nikita Kucherov wins face-off versus Vincent Hinostroza in neutral zone.
3:54 of 2nd period - Vincent Hinostroza is hit by Aleksander Barkov and loses puck.
5:08 of 2nd period - Shot by Auston Matthews.
5:08 of 2nd period - Stopped by Jordan Binnington without a rebound.
5:09 of 2nd period - Joe Pavelski wins face-off versus Andreas Johnsson in WASHINGTON Capitals zone.
5:26 of 2nd period - Shot by Brock Boeser.
5:26 of 2nd period - Shot Misses the Net.
5:48 of 2nd period - Shot by Frederick Gaudreau.
5:48 of 2nd period - Shot Misses the Net.
6:20 of 2nd period - Shot by Brandon Hagel.
6:20 of 2nd period - Stopped by Linus Ullmark without a rebound.
6:21 of 2nd period - Gabriel Vilardi wins face-off versus Mikey Eyssimont in SEATTLE Kraken zone.
6:42 of 2nd period - Shot by Wyatt Johnston.
6:42 of 2nd period - Shot Blocked by Alex Killorn.
6:44 of 2nd period - Shot by Wyatt Johnston.
6:44 of 2nd period - Stopped by Jordan Binnington without a rebound.
6:45 of 2nd period - Aleksander Barkov wins face-off versus Andrei Kuzmenko in WASHINGTON Capitals zone.
6:49 of 2nd period - Icing by Brandon Hagel.
6:50 of 2nd period - Aleksander Barkov wins face-off versus Joe Pavelski in WASHINGTON Capitals zone.
7:18 of 2nd period - Shot by Alex Ovechkin.
7:18 of 2nd period - Stopped by Jordan Binnington without a rebound.
7:19 of 2nd period - Frederick Gaudreau wins face-off versus Wyatt Johnston in WASHINGTON Capitals zone.
7:19 of 2nd period - Frederick Gaudreau is hit by Gabriel Vilardi.
7:39 of 2nd period - Shot by Frederick Gaudreau.
7:39 of 2nd period - Shot Blocked by Rasmus Dahlin.
7:41 of 2nd period - Shot by Frederick Gaudreau.
7:41 of 2nd period - Shot Blocked by Jamie Drysdale.
7:43 of 2nd period - Shot by Frederick Gaudreau.
7:43 of 2nd period - Stopped by Linus Ullmark with a rebound.
7:45 of 2nd period - Shot by Nick Jensen.
7:45 of 2nd period - Stopped by Linus Ullmark with a rebound.
7:47 of 2nd period - Shot by Frederick Gaudreau.
7:47 of 2nd period - Shot Blocked by Rasmus Dahlin.
7:49 of 2nd period - Shot by Jared McCann.
7:49 of 2nd period - Shot Misses the Net.
7:51 of 2nd period - Shot by Andreas Johnsson.
7:51 of 2nd period - Deflect By Frederick Gaudreau.
7:51 of 2nd period - Stopped by Linus Ullmark without a rebound.
7:52 of 2nd period - Aleksander Barkov wins face-off versus Auston Matthews in SEATTLE Kraken zone.
7:57 of 2nd period - Shot by Brandon Hagel.
7:57 of 2nd period - Stopped by Linus Ullmark without a rebound.
7:58 of 2nd period - Auston Matthews wins face-off versus Aleksander Barkov in SEATTLE Kraken zone.
8:16 of 2nd period - Icing by Aleksander Barkov.
8:17 of 2nd period - Aleksander Barkov wins face-off versus Wyatt Johnston in WASHINGTON Capitals zone.
8:28 of 2nd period - Off-side.
8:29 of 2nd period - Frederick Gaudreau wins face-off versus Auston Matthews in neutral zone.
8:37 of 2nd period - Icing by Andrei Kuzmenko.
8:38 of 2nd period - Aleksander Barkov wins face-off versus Auston Matthews in SEATTLE Kraken zone.
8:41 of 2nd period - Shot by Nikita Kucherov.
8:41 of 2nd period - Shot Blocked by Oscar Klefbom.
8:43 of 2nd period - Shot by Shea Theodore.
8:43 of 2nd period - Shot Blocked by Oscar Klefbom.
8:47 of 2nd period - Shot by Aleksander Barkov.
8:47 of 2nd period - Shot Hit the Post.
8:49 of 2nd period - Shot by Haydn Fleury.
8:49 of 2nd period - Deflect By Nikita Kucherov.
8:49 of 2nd period - Stopped by Linus Ullmark without a rebound.
8:50 of 2nd period - Frederick Gaudreau wins face-off versus Joe Pavelski in SEATTLE Kraken zone.
9:04 of 2nd period - Minor Penalty to Rasmus Dahlin for High sticking.
9:05 of 2nd period - Aleksander Barkov wins face-off versus Vincent Hinostroza in SEATTLE Kraken zone.
10:14 of 2nd period - Shot by Frederick Gaudreau.
10:14 of 2nd period - Stopped by Linus Ullmark without a rebound.
10:15 of 2nd period - Joe Pavelski wins face-off versus Brandon Hagel in SEATTLE Kraken zone.
10:28 of 2nd period - Shot by Frederick Gaudreau.
10:28 of 2nd period - Shot Misses the Net.
10:30 of 2nd period - Shot by Frederick Gaudreau.
10:30 of 2nd period - Stopped by Linus Ullmark with a rebound.
10:32 of 2nd period - Shot by Slater Koekkoek.
10:32 of 2nd period - Shot Misses the Net.
11:26 of 2nd period - Shot by Shea Theodore.
11:26 of 2nd period - Stopped by Linus Ullmark with a rebound.
11:31 of 2nd period - Minor Penalty to Jamie Drysdale for Tripping.
11:32 of 2nd period - Aleksander Barkov wins face-off versus Vincent Hinostroza in SEATTLE Kraken zone.
12:03 of 2nd period - Shot by Shea Theodore.
12:03 of 2nd period - Shot Misses the Net.
12:23 of 2nd period - Icing by Frederick Gaudreau.
12:24 of 2nd period - Frederick Gaudreau wins face-off versus Joe Pavelski in WASHINGTON Capitals zone.
12:38 of 2nd period - Icing by Brandon Hagel.
12:39 of 2nd period - Joe Pavelski wins face-off versus Frederick Gaudreau in WASHINGTON Capitals zone.
12:55 of 2nd period - Icing by Slater Koekkoek.
12:56 of 2nd period - Denis Gurianov wins face-off versus Vincent Hinostroza in WASHINGTON Capitals zone.
12:56 of 2nd period - Denis Gurianov is hit by Alex Ovechkin.
13:44 of 2nd period - Shot by Auston Matthews.
13:44 of 2nd period - Shot Misses the Net.
13:46 of 2nd period - Shot by Andrei Kuzmenko.
13:46 of 2nd period - Stopped by Jordan Binnington without a rebound.
13:47 of 2nd period - Wyatt Johnston wins face-off versus Mikey Eyssimont in WASHINGTON Capitals zone.
14:50 of 2nd period - Andrei Kuzmenko is hit by Joel Hanley and loses puck.
15:03 of 2nd period - Aleksander Barkov is hit by Rasmus Dahlin and loses puck.
15:09 of 2nd period - Joel Hanley is hit by Rasmus Dahlin.
15:47 of 2nd period - Shot by Alex Ovechkin.
15:47 of 2nd period - Shot Blocked by Frederick Gaudreau.
16:07 of 2nd period - Alex Ovechkin is hit by Sean Walker and loses puck.
16:37 of 2nd period - Oscar Klefbom is hit by Givani Smith and loses puck.
16:41 of 2nd period - Tim Stutzle is hit by Haydn Fleury and loses puck.
16:46 of 2nd period - Shot by Tim Stutzle.
16:46 of 2nd period - Deflect By Vincent Hinostroza.
16:46 of 2nd period - Shot Misses the Net.
16:48 of 2nd period - Shot by T.J. Oshie.
16:48 of 2nd period - Shot Misses the Net.
16:50 of 2nd period - Shot by Samuel Girard.
16:50 of 2nd period - Stopped by Jordan Binnington with a rebound.
17:04 of 2nd period - Shot by Tim Stutzle.
17:04 of 2nd period - Shot Misses the Net.
17:13 of 2nd period - Icing by Haydn Fleury.
17:14 of 2nd period - Dryden Hunt wins face-off versus Andrei Kuzmenko in WASHINGTON Capitals zone.
17:21 of 2nd period - Shot by Denis Gurianov.
17:21 of 2nd period - Goal by Denis Gurianov - WASHINGTON Capitals : 4 - SEATTLE Kraken : 2.
17:22 of 2nd period - Auston Matthews wins face-off versus Aleksander Barkov in neutral zone.
18:36 of 2nd period - Off-side.
18:37 of 2nd period - Frederick Gaudreau wins face-off versus Joe Pavelski in neutral zone.
18:49 of 2nd period - Icing by Joe Pavelski.
18:50 of 2nd period - Denis Gurianov wins face-off versus Joe Pavelski in SEATTLE Kraken zone.
19:11 of 2nd period - Shot by Alex Ovechkin.
19:11 of 2nd period - Stopped by Jordan Binnington without a rebound.
19:12 of 2nd period - Aleksander Barkov wins face-off versus Wyatt Johnston in WASHINGTON Capitals zone.
19:33 of 2nd period - Icing by Oscar Klefbom.
19:34 of 2nd period - Wyatt Johnston wins face-off versus Frederick Gaudreau in SEATTLE Kraken zone.
19:34 of 2nd period - Wyatt Johnston is hit by Jared McCann.
19:35 of 2nd period - Minor Penalty to Andreas Johnsson for Roughing.
19:36 of 2nd period - Frederick Gaudreau wins face-off versus Auston Matthews in WASHINGTON Capitals zone.
Goals for this period are 1 for WASHINGTON Capitals vs 0 for SEATTLE Kraken.
Shots for this period are 13 for WASHINGTON Capitals vs 8 for SEATTLE Kraken.

3rd period


0:01 of 3rd period - Auston Matthews wins face-off versus Frederick Gaudreau in neutral zone.
1:30 of 3rd period - Shot by Andrei Kuzmenko.
1:30 of 3rd period - Stopped by Jordan Binnington with a rebound.
1:44 of 3rd period - Icing by Aleksander Barkov.
1:45 of 3rd period - Joe Pavelski wins face-off versus Aleksander Barkov in WASHINGTON Capitals zone.
2:23 of 3rd period - Alex Ovechkin is hit by Sean Walker and loses puck.
2:54 of 3rd period - Shot by Jared McCann.
2:54 of 3rd period - Goal by Jared McCann - WASHINGTON Capitals : 5 - SEATTLE Kraken : 2.
2:55 of 3rd period - Mikey Eyssimont wins face-off versus Wyatt Johnston in neutral zone.
3:12 of 3rd period - Nick Jensen is hit by Wyatt Johnston.
3:20 of 3rd period - Shot by Alex Killorn.
3:20 of 3rd period - Stopped by Linus Ullmark without a rebound.
3:21 of 3rd period - Frederick Gaudreau wins face-off versus Auston Matthews in SEATTLE Kraken zone.
3:26 of 3rd period - Shot by Frederick Gaudreau.
3:26 of 3rd period - Stopped by Linus Ullmark without a rebound.
3:27 of 3rd period - Auston Matthews wins face-off versus Frederick Gaudreau in SEATTLE Kraken zone.
3:27 of 3rd period - Auston Matthews is hit by Jared McCann.
3:50 of 3rd period - Samuel Girard is hit by Jared McCann and loses puck.
3:59 of 3rd period - Shot by Andreas Johnsson.
3:59 of 3rd period - Stopped by Linus Ullmark without a rebound.
4:00 of 3rd period - Wyatt Johnston wins face-off versus Aleksander Barkov in SEATTLE Kraken zone.
4:04 of 3rd period - Off-side.
4:05 of 3rd period - Aleksander Barkov wins face-off versus Wyatt Johnston in neutral zone.
4:38 of 3rd period - Shot by Brandon Hagel.
4:38 of 3rd period - Stopped by Linus Ullmark without a rebound.
4:39 of 3rd period - Auston Matthews wins face-off versus Frederick Gaudreau in SEATTLE Kraken zone.
6:00 of 3rd period - Shot by Nikita Kucherov.
6:00 of 3rd period - Shot Blocked by Rasmus Dahlin.
6:45 of 3rd period - Icing by Nick Jensen.
6:46 of 3rd period - Nikita Kucherov wins face-off versus Alex Ovechkin in WASHINGTON Capitals zone.
6:46 of 3rd period - Nikita Kucherov is hit by Brock Boeser.
7:04 of 3rd period - Shot by Alex Ovechkin.
7:04 of 3rd period - Stopped by Jordan Binnington without a rebound.
7:05 of 3rd period - Dryden Hunt wins face-off versus Vincent Hinostroza in WASHINGTON Capitals zone.
7:10 of 3rd period - Shea Theodore is hit by Tim Stutzle and loses puck.
7:19 of 3rd period - T.J. Oshie is hit by Dryden Hunt and loses puck.
7:38 of 3rd period - Shot by Dryden Hunt.
7:38 of 3rd period - Stopped by Linus Ullmark without a rebound.
7:39 of 3rd period - Auston Matthews wins face-off versus Frederick Gaudreau in SEATTLE Kraken zone.
7:46 of 3rd period - Shot by David Pastrnak.
7:46 of 3rd period - Deflect By Andrei Kuzmenko.
7:46 of 3rd period - Shot Blocked by Slater Koekkoek.
7:48 of 3rd period - Shot by Auston Matthews.
7:48 of 3rd period - Stopped by Jordan Binnington without a rebound.
7:49 of 3rd period - Mikey Eyssimont wins face-off versus Auston Matthews in WASHINGTON Capitals zone.
7:58 of 3rd period - Shot by Alex Killorn.
7:58 of 3rd period - Shot Misses the Net.
8:00 of 3rd period - Shot by Slater Koekkoek.
8:00 of 3rd period - Stopped by Linus Ullmark without a rebound.
8:01 of 3rd period - Aleksander Barkov wins face-off versus Wyatt Johnston in SEATTLE Kraken zone.
8:28 of 3rd period - Shot by Gabriel Vilardi.
8:28 of 3rd period - Stopped by Jordan Binnington without a rebound.
8:29 of 3rd period - Auston Matthews wins face-off versus Frederick Gaudreau in WASHINGTON Capitals zone.
8:30 of 3rd period - Shot by Andrei Kuzmenko.
8:30 of 3rd period - Shot Blocked by Joel Hanley.
8:50 of 3rd period - Shot by Andrei Kuzmenko.
8:50 of 3rd period - Shot Misses the Net.
8:54 of 3rd period - Shot by Auston Matthews.
8:54 of 3rd period - Stopped by Jordan Binnington without a rebound.
8:55 of 3rd period - Aleksander Barkov wins face-off versus Wyatt Johnston in WASHINGTON Capitals zone.
8:55 of 3rd period - Aleksander Barkov is hit by Jason Robertson.
9:08 of 3rd period - Shot by Gabriel Vilardi.
9:08 of 3rd period - Shot Misses the Net.
9:16 of 3rd period - Shot by Wyatt Johnston.
9:16 of 3rd period - Stopped by Jordan Binnington without a rebound.
9:17 of 3rd period - Auston Matthews wins face-off versus Frederick Gaudreau in WASHINGTON Capitals zone.
9:56 of 3rd period - Shot by Auston Matthews.
9:56 of 3rd period - Stopped by Jordan Binnington without a rebound.
9:57 of 3rd period - Aleksander Barkov wins face-off versus Wyatt Johnston in WASHINGTON Capitals zone.
10:04 of 3rd period - Shot by Nikita Kucherov.
10:04 of 3rd period - Stopped by Linus Ullmark without a rebound.
10:05 of 3rd period - Aleksander Barkov wins face-off versus Joe Pavelski in SEATTLE Kraken zone.
10:11 of 3rd period - Minor Penalty to Oscar Klefbom for Slashing.
10:12 of 3rd period - Aleksander Barkov wins face-off versus Vincent Hinostroza in SEATTLE Kraken zone.
10:20 of 3rd period - Icing by Joel Hanley.
10:21 of 3rd period - Aleksander Barkov wins face-off versus Vincent Hinostroza in WASHINGTON Capitals zone.
10:38 of 3rd period - Shot by Shea Theodore.
10:38 of 3rd period - Stopped by Linus Ullmark without a rebound.
10:39 of 3rd period - Vincent Hinostroza wins face-off versus Frederick Gaudreau in SEATTLE Kraken zone.
10:39 of 3rd period - Vincent Hinostroza is hit by Frederick Gaudreau.
11:04 of 3rd period - Shot by Denis Gurianov.
11:04 of 3rd period - Shot Misses the Net.
11:16 of 3rd period - Slater Koekkoek is hit by T.J. Oshie and loses puck.
11:49 of 3rd period - Minor Penalty to Joel Hanley for Tripping.
11:50 of 3rd period - Auston Matthews wins face-off versus Mikey Eyssimont in WASHINGTON Capitals zone.
12:03 of 3rd period - Shot by Shea Theodore.
12:03 of 3rd period - Shot Misses the Net.
12:13 of 3rd period - Shot by Andrei Kuzmenko.
12:13 of 3rd period - Stopped by Jordan Binnington without a rebound.
12:14 of 3rd period - Frederick Gaudreau wins face-off versus Andrei Kuzmenko in WASHINGTON Capitals zone.
12:19 of 3rd period - Shot by Shea Theodore.
12:19 of 3rd period - Stopped by Linus Ullmark with a rebound.
12:25 of 3rd period - Shot by Gabriel Vilardi.
12:25 of 3rd period - Stopped by Jordan Binnington without a rebound.
12:26 of 3rd period - David Pastrnak wins face-off versus Frederick Gaudreau in WASHINGTON Capitals zone.
12:49 of 3rd period - Shot by Jamie Drysdale.
12:49 of 3rd period - Shot Blocked by Nick Jensen.
13:37 of 3rd period - Shot by Andrei Kuzmenko.
13:37 of 3rd period - Deflect By Wyatt Johnston.
13:37 of 3rd period - Shot Misses the Net.
13:39 of 3rd period - Shot by Wyatt Johnston.
13:39 of 3rd period - Shot Misses the Net.
13:41 of 3rd period - Shot by Samuel Girard.
13:41 of 3rd period - Stopped by Jordan Binnington without a rebound.
13:42 of 3rd period - Jared McCann wins face-off versus Wyatt Johnston in WASHINGTON Capitals zone.
13:51 of 3rd period - Slater Koekkoek is hit by Alex Ovechkin and loses puck.
14:32 of 3rd period - Shot by Aleksander Barkov.
14:32 of 3rd period - Shot Misses the Net.
14:41 of 3rd period - Off-side.
14:42 of 3rd period - Auston Matthews wins face-off versus Givani Smith in neutral zone.
14:45 of 3rd period - Nick Jensen is hit by Auston Matthews and loses puck.
15:00 of 3rd period - Shot by Andrei Kuzmenko.
15:00 of 3rd period - Stopped by Jordan Binnington without a rebound.
15:01 of 3rd period - Wyatt Johnston wins face-off versus Mikey Eyssimont in WASHINGTON Capitals zone.
15:31 of 3rd period - Shot by Wyatt Johnston.
15:31 of 3rd period - Stopped by Jordan Binnington with a rebound.
15:33 of 3rd period - Shot by Jason Robertson.
15:33 of 3rd period - Stopped by Jordan Binnington without a rebound.
15:34 of 3rd period - Aleksander Barkov wins face-off versus Auston Matthews in WASHINGTON Capitals zone.
15:34 of 3rd period - Aleksander Barkov is hit by David Pastrnak.
15:43 of 3rd period - David Pastrnak is hit by Joel Hanley and loses puck.
16:26 of 3rd period - Icing by Nikita Kucherov.
16:27 of 3rd period - Wyatt Johnston wins face-off versus Aleksander Barkov in WASHINGTON Capitals zone.
16:30 of 3rd period - Shot by Jason Robertson.
16:30 of 3rd period - Stopped by Jordan Binnington with a rebound.
16:32 of 3rd period - Shot by Jason Robertson.
16:32 of 3rd period - Shot Misses the Net.
16:50 of 3rd period - Shot by Wyatt Johnston.
16:50 of 3rd period - Shot Blocked by Joel Hanley.
16:52 of 3rd period - Shot by Gabriel Vilardi.
16:52 of 3rd period - Shot Blocked by Nick Jensen.
17:04 of 3rd period - Shot by Wyatt Johnston.
17:04 of 3rd period - Deflect By Jason Robertson.
17:04 of 3rd period - Shot Misses the Net.
17:06 of 3rd period - Shot by Jason Robertson.
17:06 of 3rd period - Stopped by Jordan Binnington without a rebound.
17:07 of 3rd period - Frederick Gaudreau wins face-off versus Alex Ovechkin in WASHINGTON Capitals zone.
17:16 of 3rd period - Alex Ovechkin is hit by Jared McCann and loses puck.
17:25 of 3rd period - Shot by Frederick Gaudreau.
17:25 of 3rd period - Stopped by Linus Ullmark without a rebound.
17:26 of 3rd period - Mikey Eyssimont wins face-off versus Auston Matthews in SEATTLE Kraken zone.
17:39 of 3rd period - Shot by Rasmus Dahlin.
17:39 of 3rd period - Shot Misses the Net.
17:52 of 3rd period - Icing by Andrei Kuzmenko.
17:53 of 3rd period - Frederick Gaudreau wins face-off versus Auston Matthews in SEATTLE Kraken zone.
18:18 of 3rd period - Off-side.
18:19 of 3rd period - Wyatt Johnston wins face-off versus Mikey Eyssimont in neutral zone.
18:49 of 3rd period - Gabriel Vilardi is hit by Sean Walker and loses puck.
18:55 of 3rd period - Icing by Slater Koekkoek.
18:56 of 3rd period - Joe Pavelski wins face-off versus Mikey Eyssimont in WASHINGTON Capitals zone.
18:57 of 3rd period - Shot by Brock Boeser.
18:57 of 3rd period - Shot Misses the Net.
19:35 of 3rd period - Shot by Alex Ovechkin.
19:35 of 3rd period - Stopped by Jordan Binnington without a rebound.
19:36 of 3rd period - Frederick Gaudreau wins face-off versus Auston Matthews in WASHINGTON Capitals zone.
Goals for this period are 1 for WASHINGTON Capitals vs 0 for SEATTLE Kraken.
Shots for this period are 11 for WASHINGTON Capitals vs 16 for SEATTLE Kraken.